 Dungeon Crawl Stone Soup version 0.25.1-1-g288607f (webtiles) character file.

Game seed: 1003222915183750800

2699 RonnieColeman the Thaumaturge (level 9, 0/59 HPs)
             Began as an Octopode Conjurer on Sept 14, 2020.
             Was a Believer of Vehumet.
             Slain by an orc warrior
             ... wielding a +0 war axe
              (2 damage)
             ... on level 8 of the Dungeon.
             The game lasted 00:17:23 (9203 turns).

RonnieColeman the Thaumaturge (Octopode Conjurer)   Turns: 9203, Time: 00:17:24

Health: 0/59       AC:  1    Str:  7    XL:     9   Next: 65%
Magic:  12/21      EV: 13    Int: 18    God:    Vehumet [**....]
Gold:   366        SH:  0    Dex: 13    Spells: 18/24 levels left

rFire    . . .     SeeInvis .   u - +3 halberd (protect)
rCold    . . .     Gourm    .   (shield currently unavailable)
rNeg     . . .     Faith    +   (helmet restricted)
rPois    .         Spirit   .   s - amulet of faith
rElec    .         Reflect  .   (no ring)
rCorr    .         Harm     .   (no ring)
MR       .....                  (no ring)
Stlth    +++.......             (no ring)
HPRegen  0.19/turn              (no ring)
MPRegen  0.17/turn              (no ring)
                                (no ring)
                                (no ring)

@: no status effects
A: almost no armour, stealthy swim, amphibious, 8 rings, constrict 8, camouflage
1, dopey 1, gelatinous body 1, MP-powered wands
a: Renounce Religion


You were on level 8 of the Dungeon.
You worshipped Vehumet.
Vehumet was pleased with you.
You were very hungry.

You visited 2 branches of the dungeon, and saw 9 of its levels.
You also visited: Sewer.

You collected 366 gold pieces.

Inventory:

Hand Weapons
 g - a +0 whip of venom
 u - a +3 halberd of protection (weapon)
Jewellery
 l - an uncursed amulet of the acrobat
 s - an amulet of faith (around mantle)
Wands
 t - a wand of clouds (4)
 w - a wand of digging (4)
Scrolls
 a - a scroll of fear
 c - 4 scrolls of remove curse
 d - 3 scrolls of magic mapping
 e - 2 scrolls of identify
 f - a scroll of blinking
 h - 2 scrolls of amnesia
 r - 7 scrolls of teleportation
Potions
 i - 2 potions of haste
 k - 9 potions of heal wounds
 m - 5 potions of curing
 n - 2 potions of flight
 o - 2 potions of lignification
 p - 7 potions of stabbing
 q - 2 potions of brilliance
 v - 4 potions of might
 x - a potion of invisibility
Comestibles
 b - 21 rations


   Skills:
 + Level 4.5 Fighting
 - Level 2.0 Dodging
 - Level 2.6 Stealth
 * Level 8.4 Spellcasting
 + Level 7.4 Conjurations
 * Level 4.8 Fire Magic


You had 18 spell levels left.
You knew the following spells:

 Your Spells              Type           Power        Failure   Level  Hunger
a - Magic Dart            Conj           ####         1%          1    None
b - Searing Ray           Conj           ####..       1%          2    None
g - Swiftness             Chrm/Air       #.......     14%         2    None
l - Foxfire               Conj/Fire      ####         1%          1    None

Your spell library contained the following spells:

 Spells                   Type           Power        Failure   Level  Hunger
 Conjure Flame            Conj/Fire      ####....     2%          3    None
 Shock                    Conj/Air       ###.         1%          1    None
 Dazzling Flash           Conj/Hex       ###...       6%          3    None
 Static Discharge         Conj/Air       ###.....     6%          3    None
 Animate Skeleton         Necr           N/A          10%         1    None
 Apportation              Tloc           #.....       10%         1    None
 Corona                   Hex            #......      10%         1    None
 Summon Small Mammal      Summ           #...         10%         1    None
 Fulminant Prism          Conj/Hex       ###.......   21%         4    ###....
 Iskenderun's Mystic Bla  Conj/Tloc      ###.....     21%         4    ###....
 Lightning Bolt           Conj/Air       ###.......   50%         5    #####..
 Airstrike                Air            #.........   67%         4    ###....


Dungeon Overview and Level Annotations

Branches:
Dungeon (8/15)             Temple (1/1) D:4           Sewer (visited)
   Lair: D:8-11

Altars:
Ashenzari
Cheibriados
Dithmenos
Elyvilon
Fedhas
Gozag
Hepliaklqana
Kikubaaqudgha
Makhleb
Nemelex Xobeh
Okawaru
Qazlal
Ru
Sif Muna
Trog
Uskayaw
Vehumet
Wu Jian
Xom
Yredelemnul
Zin
The Shining One

Shops:
D:5 }   D:6 %

Annotations:
D:3 2 runed translucent doors, Jonnyslop's ghost, amateur NaVM


Innate Abilities, Weirdness & Mutations

You cannot wear most types of armour.
You are very stealthy in the water. (Stealth+)
You are amphibious.
You can wear up to eight rings at the same time.
You can use your tentacles to constrict eight enemies at once.
Your skin changes colour to match your surroundings (Stealth+).
Your rubbery body absorbs attacks. (AC +1, EV +1)
You are dopey. (Int -2)
You expend magic power (3 MP) to strengthen your wands.


Message History

The orc warrior hits you with a +0 war axe!
The orc wizard mumbles some strange words.
The orc wizard blinks!
The orc wizard gestures wildly while chanting.
The orc wizard seems to speed up.
Casting: Searing Ray (safe; 1% risk of failure)
Confirm with . or Enter, or press ? or * to list all spells.
Aiming: Searing Ray (safe; 1% risk of failure)
Press: ? - help, Shift-Dir - straight line, f/p - orc warrior
Aim: an orc warrior, wielding a +0 war axe and wearing a +0 chain mail (heavily wounded)
The searing ray hits the orc warrior!
The orc warrior is almost dead. (Press . to maintain the ray.)
The orc warrior hits you with a +0 war axe!!
* * * LOW HITPOINT WARNING * * *
The searing ray misses the orc warrior.
The orc wizard mumbles some strange words.
The orc wizard blinks!
The orc warrior hits you with a +0 war axe.
You die...

....## #..# ##............
.....####..# #............
.......#...### ###............
.#...........### ##..............
##.....###.....###...............
##.....# ##..o...................
#......# #......................
......## ##...ยง.o............###
......# #.....@##)[........#
.....## ##.....####.........
.....# ##......# ##).......
.....# #......## #........
.....####......# #......#.
.####..##.....## #...#.## ##
##........# .o... # # #.########
.o..## # ### #####


You could see an orc warrior and an orc wizard (fast).

Vanquished Creatures
  A hippogriff (D:8)
  A spriggan (D:7)
  Duvessa (D:6)
  An orc warrior (D:5)
  A black bear (D:6)
  A sky beast (D:6)
  An ice beast (D:6)
  4 ogres
  A phantom (D:8)
  A centaur (D:5)
  2 big kobolds (Sewer)
  2 bullfrogs
  A gnoll sergeant (D:7)
  Dowan (D:6)
  A scorpion (D:3)
  A vampire bat (D:7)
  2 crimson imps
  A bullfrog skeleton (D:6)
  A centaur skeleton (D:4)
  A gnoll shaman (D:5)
  2 hounds
  2 orc wizards (D:7)
  An iguana (D:2)
  9 worker ants
  A killer bee zombie (D:7)
  A hound zombie (D:6)
  10 gnolls
  A howler monkey skeleton (D:5)
  12 adders
  An ooze (D:4)
  3 adder zombies
  An adder skeleton (D:5)
  2 worms (D:2)
  3 leopard geckos
  22 orcs
  3 bat skeletons (D:7)
  A bat zombie (D:7)
  12 giant cockroaches
  6 goblins
  3 hobgoblins
  8 jackals
  21 kobolds
  3 quokkas
  4 ball pythons
  8 bats
  7 frilled lizards
  A leopard gecko skeleton (D:4)
  2 quokka skeletons (D:5)
  11 rats
187 creatures vanquished.

Notes
Turn   | Place    | Note
-------+----------+-------------------------------------------
     0 | D:1      | RonnieColeman the Octopode Conjurer began the quest for the
                  | Orb.
     0 | D:1      | Reached XP level 1. HP: 11/11 MP: 3/3
   235 | D:1      | Reached XP level 2. HP: 15/17 MP: 5/5
   693 | D:1      | Reached XP level 3. HP: 19/21 MP: 7/7
  1041 | D:2      | Reached skill level 3 in Spellcasting
  1055 | D:2      | Learned a level 2 spell: Searing Ray
  1219 | D:2      | Found a blossoming altar of Fedhas.
  1368 | D:2      | Reached XP level 4. HP: 13/27 MP: 3/9
  1642 | D:2      | Found a glowing golden altar of the Shining One.
  2008 | D:2      | Found a sacrificial altar of Ru.
  2054 | D:2      | Found an opulent altar of Gozag.
  2399 | D:3      | Reached skill level 4 in Spellcasting
  2399 | D:3      | Reached XP level 5. HP: 21/31 MP: 2/11
  2552 | D:3      | Found a runed translucent door.
  2555 | D:3      | Noticed Jonnyslop's ghost (amateur NaVM)
  2678 | D:3      | Found a runed translucent door.
  2678 | D:3      | Found a sparkling altar of Nemelex Xobeh.
  2860 | D:3      | Reached skill level 5 in Conjurations
  3038 | D:3      | Found a radiant altar of Vehumet.
  3184 | D:3      | Became a worshipper of Vehumet
  3317 | D:4      | Noticed an ogre
  3324 | D:3      | Reached XP level 6. HP: 16/36 MP: 1/13
  3601 | D:4      | Reached skill level 5 in Spellcasting
  3878 | D:4      | Reached XP level 7. HP: 41/41 MP: 6/15
  4165 | D:4      | Reached skill level 1 in Fighting
  4468 | D:4      | Found a staircase to the Ecumenical Temple.
  4535 | D:4      | Found an iron altar of Okawaru.
  4568 | Temple   | Entered the Ecumenical Temple
  4660 | D:5      | Entered Level 5 of the Dungeon
  4668 | D:5      | Reached skill level 6 in Spellcasting
  4734 | D:5      | Found Verroveu's Gadget Emporium.
  4760 | D:5      | Reached * piety under Vehumet
  4760 | D:5      | Offered knowledge of Freeze by Vehumet.
  4782 | D:5      | Found a glowing drain.
  4905 | Sewer    | Entered a sewer
  4936 | Sewer    | Reached XP level 8. HP: 42/50 MP: 9/17
  5425 | D:5      | Found a shimmering blue altar of Sif Muna.
  5707 | D:5      | Reached skill level 7 in Spellcasting
  5712 | D:5      | Offered knowledge of Foxfire by Vehumet.
  5719 | D:5      | Learned a level 1 spell: Foxfire
  5879 | D:5      | Learned a level 2 spell: Swiftness
  5949 | D:6      | Found Piykhlax's Food Boutique.
  6020 | D:5      | Reached skill level 1 in Fire Magic
  6125 | D:6      | Reached ** piety under Vehumet
  6329 | D:6      | Noticed Dowan
  6330 | D:6      | Noticed Duvessa
  6352 | D:6      | Killed Duvessa
  6356 | D:6      | Killed Dowan
  6710 | D:6      | Reached XP level 9. HP: 47/58 MP: 20/20
  6978 | D:6      | Found a shadowy altar of Dithmenos.
  7061 | D:6      | Found a radiant altar of Vehumet.
  7144 | D:6      | Gained mutation: You are dopey. (Int -2) [potion of
                  | mutation]
  7144 | D:6      | Gained mutation: You expend magic power (3 MP) to
                  | strengthen your wands. [potion of mutation]
  7573 | D:7      | Reached skill level 8 in Spellcasting
  8085 | D:7      | Offered knowledge of Conjure Flame by Vehumet.
  8100 | D:7      | Found an ancient bone altar of Kikubaaqudgha.
  8190 | D:7      | Found a hazy altar of Hepliaklqana.
  9038 | D:8      | Found a snail-covered altar of Cheibriados.
  9039 | D:8      | Found a stormy altar of Qazlal.
  9080 | D:8      | Found a glowing silver altar of Zin.
  9202 | D:8      | HP: 2/59 [orc warrior/+0 war axe (22)]
  9203 | D:8      | Slain by an orc warrior

Illustrated notes

Levels and vault maps discovered:
D:1:      wander_arrival_chamber, layout_basic, corexii_leaking_fountain
D:2:      layout_loops_ring, lemuel_doored_altar,
          nicolae_ru_the_path_less_chosen, lemuel_round_altar, first_ration,
          fedhas_ov_isle_minmay
D:3:      layout_loops_cross, nemelex_xobeh_ov_fountains_minmay,
          ebering_ghost_sewer_f, lemuel_tele_altar
D:4:      layout_rooms, kennysheep_mini, minmay_temple_entry_enclosed_plants
D:5:      layout_basic, led_sif_pool, serial_shops, shop_fountains,
          portal_sewer_entry_a
D:6:      layout_gridville, nicolae_dithmenos_through_a_glass_darkly,
          kennysheep_little_box, serial_shops, shop_statue, uniq_duvessa
D:7:      layout_basic, lemuel_round_altar, kennysheep_vampire_church,
          the_bakery, grunt_decor_resistance
D:8:      layout_layer_cave, zin_statuary, gammafunk_temple_overflow_pools
Temple:   jpeg_temple_island

Skill      XL: |  1  2  3  4  5  6  7  8  9 |
---------------+----------------------------+-----
Spellcasting   | 3 4 5 6 7 8 |  8.4
Conjurations   | 5 6 7 |  7.4
Fighting       | 2 3 4 |  4.5
Fire Magic     | 3 4 |  4.8
Dodging        | |  2.0
Stealth        | |  2.6

Action                   |  1- 3 |  4- 6 |  7- 9 || total
-------------------------+-------+-------+-------++-------
Melee: Unarmed           |     5 |       |       ||     5
       Whip              |    58 |    55 |     8 ||   121
       Constrict         |    17 |    13 |    39 ||    69
       Tentacles         |     9 |     6 |    19 ||    34
       Halberd           |       |       |   152 ||   152
 Cast: Magic Dart        |     7 |    11 |     6 ||    24
       Searing Ray       |     2 |    16 |    50 ||    68
  Use: Scroll            |     1 |       |    19 ||    20
       Potion            |       |       |     1 ||     1
 Stab: Sleeping          |    13 |     7 |    19 ||    39
  Eat: Chunk             |     1 |     9 |    15 ||    25
Armor: Skin              |     4 |     3 |    30 ||    37
Dodge: Dodged            |    41 |    54 |   177 ||   272
